 Dungeon Crawl Stone Soup version 0.20.1-1-g8b1a95d66d (webtiles) character file.

204 CKAuHET the Gusty (level 5, -6/39 HPs)
             Began as a Draconian Air Elementalist on Nov 26, 2017.
             Killed from afar by Ijyb (20 damage)
             ... with a wand of lightning (?/15)
             ... on level 3 of the Dungeon.
             The game lasted 00:10:57 (3576 turns).

CKAuHET the Gusty (Draconian Air Elementalist)      Turns: 3576, Time: 00:10:58

Health: -6/39      AC:  5    Str: 10    XL:     5   Next: 52%
Magic:  7/10       EV: 12    Int: 17    God:
Gold:   87         SH:  0    Dex: 11    Spells: 0/10 levels left

rFire    . . .     SeeInvis .   e - +0 short sword
rCold    . . .     Gourm    .   (no shield)
rNeg     . . .     Faith    .   (armour unavailable)
rPois    .         Spirit   .   (helmet restricted)
rElec    .         Reflect  .   (no cloak)
rCorr    .         Harm     .   (no gloves)
MR       .....                  (no boots)
Stlth    ++........             (no amulet)
Regen    0.2/turn               (no ring)
MPRegen  0.2/turn               (no ring)

@: no status effects
A: unfitting armour, cold-blooded, AC +5
a: no special abilities


You were on level 3 of the Dungeon.
You were not hungry.

You visited 1 branch of the dungeon, and saw 3 of its levels.

You collected 87 gold pieces.

Inventory:

Hand Weapons
 e - a +0 short sword (weapon)
 i - a cursed -1 glaive
Scrolls
 h - 2 scrolls of remove curse
 k - a scroll of amnesia
Potions
 f - 2 potions of brilliance
 g - a potion of invisibility
Books
 a - a book of Air

   Spells                             Type                      Level
   a - Shock                          Conjuration/Air              1
   b - Swiftness                      Charms/Air                   2
   c - Static Discharge               Conjuration/Air              3
   d - Airstrike                      Air                          4
   e - Lightning Bolt                 Conjuration/Air              5
Comestibles
 b - 2 bread rations
 c - a royal jelly


   Skills:
 + Level 0.4 Fighting
 + Level 0.4 Short Blades
 + Level 2.1 Dodging
 + Level 2.1 Stealth
 + Level 3.3 Spellcasting
 + Level 2.0 Conjurations
 + Level 4.6 Air Magic


You couldn't memorise any spells.
You knew the following spells:

 Your Spells              Type           Power        Failure   Level  Hunger
a - Shock                 Conj/Air       ##..         4%          1    None
b - Airstrike             Air            ###.......   26%         4    ####...
c - Lightning Bolt        Conj/Air       ##........   75%         5    ######.


Dungeon Overview and Level Annotations

Branches:
Dungeon (3/15)

Altars:
Cheibriados

Annotations:
D:3 Ijyb


Innate Abilities, Weirdness & Mutations

Your plain brown scales are hard. (AC +5)
You cannot fit into any form of body armour.
You are cold-blooded and may be slowed by cold attacks.


Message History

Aim: Ijyb, wielding a dagger and wearing a scale mail The zap hits Ijyb.
Ijyb is lightly wounded.
Ijyb zaps a wand.
The bolt of lightning hits you!
It is a wand of lightning (?/15).
Casting: Shock
Confirm with . or Enter, or press ? or * to list all spells.
Aiming: Shock
Press: ? - help, Shift-Dir - straight line, f/p - Ijyb
Aim: Ijyb, wielding a dagger, wearing a scale mail and carrying a wand of lightning (?/15) {zapped: 1} (lightly wounded)
The zap hits Ijyb.
Ijyb appears unharmed.
Ijyb is lightly wounded.
Ijyb zaps a wand.
The bolt of lightning hits you!
Casting: Shock
Confirm with . or Enter, or press ? or * to list all spells.
Okay, then.
Ijyb screams, "Level is mine!
All mine!"
Ijyb zaps a wand.
The bolt of lightning hits you!
Ouch! That really hurt!
You die...

#.##########...†.##.#.
#.....##........###.#.
#####.##........# #...
#.#.........# #...
#...........# #...
#######.........###...
>.................'...
#######..........##..)
#####@...........####'
#####................####.
...g......................
............############..
............+ #..
..###.......# #.. .
####...... #.. #.######
#.. #.# #..


You could see Ijyb.

Vanquished Creatures
  A scorpion (D:1)
  Jessica (D:2)
  Natasha (twice) (D:3 D:2)
  2 adders
  An ooze (D:1)
  A dart slug (D:1)
  5 leopard geckos
  An orc (D:3)
  7 bats
  A giant cockroach (D:2)
  7 goblins
  5 hobgoblins
  2 jackals (D:2)
  A quokka (D:2)
  3 frilled lizards
  6 kobolds
  3 rats
49 creatures vanquished.

Notes
Turn   | Place    | Note
-------+----------+-------------------------------------------
     0 | D:1      | CKAuHET the Draconian Air Elementalist began the quest for the Orb.
     0 | D:1      | Reached XP level 1. HP: 14/14 MP: 3/3
   266 | D:1      | Reached XP level 2. HP: 20/20 MP: 0/5
   616 | D:1      | Found a snail-covered altar of Cheibriados.
   953 | D:1      | Reached XP level 3. HP: 26/26 MP: 3/6
  1019 | D:1      | Noticed a scorpion
  1033 | D:1      | Killed a scorpion
  1033 | D:1      | Reached skill level 4 in Air Magic
  1033 | D:1      | Reached XP level 4. HP: 12/33 MP: 0/8
  1829 | D:2      | Noticed Jessica
  1834 | D:2      | Killed Jessica
  2494 | D:2      | Reached XP level 5. HP: 32/38 MP: 1/9
  2572 | D:2      | Learned a level 4 spell: Airstrike
  2578 | D:2      | Learned a level 5 spell: Lightning Bolt
  3140 | D:3      | Noticed Natasha
  3149 | D:3      | Killed Natasha
  3163 | D:3      | Noticed Natasha
  3240 | D:2      | Killed Natasha
  3571 | D:3      | Noticed Ijyb
  3576 | D:3      | Killed from afar by Ijyb

Skill      XL: |  1  2  3  4  5 |
---------------+----------------+-----
Dodging        | 2 |  2.1
Stealth        | 2 |  2.1
Air Magic      | 4 |  4.6
Spellcasting   | 3 |  3.3
Conjurations   | 2 |  2.0
Fighting       | |  0.4
Short Blades   | |  0.4

Action                   |  1- 3 |  4- 6 || total
-------------------------+-------+-------++-------
Melee: Short sword       |     7 |    19 ||    26
       Tailslap          |     1 |     1 ||     2
 Cast: Shock             |    40 |   100 ||   140
  Use: Scroll            |     4 |     8 ||    12
       Potion            |       |     2 ||     2
  Eat: Meat ration       |     1 |       ||     1
       Bread ration      |       |     1 ||     1
Armor: Skin              |     6 |    18 ||    24
Dodge: Dodged            |    12 |    26 ||    38
